 Dungeon Crawl Stone Soup version 0.30-b1-2-g02819fbbbe (webtiles) character file.

Game seed: 11218992101018722549

8 Alarkh the Insei (level 2, 20/21 HPs)
             Began as a Demonspawn Transmuter on July 6, 2023.
             Got out of the dungeon alive.
             The game lasted 00:00:18 (271 turns).

Alarkh the Insei (Demonspawn Transmuter)             Turns: 271, Time: 00:00:19

Health: 20/21      AC:  2    Str: 10    XL:     2   Next: 0%
Magic:  5/5        EV: 12    Int: 14    God:
Gold:   0          SH:  0    Dex: 13    Spells: 4/5 levels left

rFire   . .          .
                       - Unarmed
rCold   . . .        (no shield)
rNeg    . . .        a - +0 robe
rPois   .            (no helmet)
rElec   .            (no cloak)
rCorr   .            (no gloves)
SInv    .            (no boots)
Will    .....        (no amulet)
Stlth   +            (no ring)
HPRegen 0.23/turn    (no ring)
MPRegen 0.18/turn

%: no passive effects
@: no status effects
A: magic regeneration
a: no special abilities


You escaped.
You visited 1 branch of the dungeon, and saw 1 of its levels.

Inventory:

Armour
 a - a +0 robe (worn)
Scrolls
 c - 2 scrolls of identify {unknown}
Potions
 b - a potion of lignification


   Skills:
 - Level 1.0 Fighting
 - Level 1.7 Dodging
 + Level 3.2 Unarmed Combat
 - Level 2.0 Spellcasting
 - Level 1.7 Transmutations


You had 4 spell levels left.
You knew the following spells:

 Your Spells              Type           Power      Damage    Failure   Level
a - Beastly Appendage     Tmut           12%        N/A       12%         1

Your spell library contained the following spells:

 Spells                   Type           Power      Damage    Failure   Level
 Wereblood                Tmut           6%         N/A       17%         2
 Spider Form              Tmut/Pois      3%         N/A       45%         3
 Call Canine Familiar     Summ           1%         N/A       56%         3
 Portal Projectile        Hex/Tloc       2%         N/A       56%         3
 Ice Form                 Ice/Tmut       3%         N/A       86%         4
 Leda's Liquefaction      Hex/Erth       0%         N/A       93%         4


Dungeon Overview and Level Annotations

Branches:
Dungeon (1/15)

Altars:


Innate Abilities, Weirdness & Mutations

You regenerate magic rapidly.


Message History

You kill the quokka!
The quokka bites you.
You barely miss the ball python. The ball python barely misses you.
The ball python grabs you. The ball python constricts you.
The quokka barely misses you.
You closely miss the ball python.
The ball python bites you but does no damage.
The ball python constricts you. The quokka bites you.
You hit the ball python.
You kill the ball python!
The quokka bites you.
You are too injured to fight recklessly!
You are too injured to fight recklessly!
You are too injured to fight recklessly!
The quokka attacks as you move away! The quokka barely misses you.
The quokka closely misses you.
You are too injured to fight recklessly!
You closely miss the quokka. Your headbutt misses the quokka.
The quokka barely misses you.
You hit the quokka.
You kill the quokka!
You have reached level 2!
Your demonic ancestry asserts itself...
Your magic begins to regenerate rapidly.
There is an open door here.
Things that are here:
a ball python corpse; a quokka corpse Your horns disappear.
Your talons disappear.
As you open the door, it creaks loudly!
You can't go up here!
(D) Dungeon
Where to? (Enter - D:1 @ (x,y), ? - help)
There is an open door here.
You see here a hobgoblin corpse.
There is a stone staircase leading down here.
There is a fountain of clear blue water here.
There is an open door here.
There is a staircase leading out of the dungeon here.
Are you sure you want to leave the Dungeon?
This will make you lose the game!
You have escaped!

#.# #.# ## ####.# ...
##.##.#
...###########...#.##
....................+
.....⌠...⌠..##...#.##
#.....###...###.##.#
#.....#@#..#######.##
##.#..#'#..#......#.#
#^⌠...⌠.#.#####.##
#.......#.#######
###........##.##
#####......#.## #
#.....###.#####
#......#.[.....
##...##.#######


There were no monsters in sight!

Vanquished Creatures
  A hobgoblin (D:1)
  2 quokkas (D:1)
  3 ball pythons (D:1)
  A bat (D:1)
  A kobold (D:1)
8 creatures vanquished.

Notes
Turn   | Place    | Note
-------+----------+-------------------------------------------
     0 | D:1      | Alarkh the Demonspawn Transmuter began the quest for the
                  | Orb.
     0 | D:1      | Reached XP level 1. HP: 15/15 MP: 3/3
   179 | D:1      | Reached skill level 3 in Unarmed Combat
   226 | D:1      | Gained mutation: You regenerate magic rapidly. [demonic
                  | ancestry]
   226 | D:1      | Reached XP level 2. HP: 10/21 MP: 3/5
   271 | D:$      | Got out of the dungeon alive.

Illustrated notes

Levels and vault maps discovered:
D:1:      scummos_arrival_simple_fountains, layout_loops_corners, serial_shops,
          nicolae_shop_crystal

Skill      XL: |  1 |
---------------+----+-----
Unarmed Combat | 3 |  3.2
Fighting       | |  1.0
Dodging        | |  1.7
Spellcasting   | |  2.0
Transmutations | |  1.7

Action                     || total
---------------------------++-------
  Melee: Unarmed           ||    21
         Kick              ||     4
         Headbutt          ||     2
         Punch             ||     1
   Cast: Beastly Appendage ||     4
   Stab: Sleeping          ||     1
 Armour: Robe              ||     1
  Dodge: Dodged            ||    15
